 Dungeon Crawl Stone Soup version 0.31.0-12-g77e489cdc1 (webtiles) character file.

Game seed: 5442203849901143036

1306 treerex5 the Geomancer (level 8, 0/55 (64) HPs)
             Began as a Gnoll Wanderer on Jan 31, 2024.
             Was a Priest of Ru.
             Slain by a wight
             ... wielding a +2 flail
              (12 damage)
             ... on level 5 of the Dungeon on Mar 4, 2024.
             The game lasted 00:28:25 (6960 turns).

treerex5 the Geomancer (Gnoll Wanderer)             Turns: 6960, Time: 00:28:25

HP:   0/55 (64)     AC:  4    Str: 11    XL:     8   Next: 57%
MP:   14/14         EV: 12    Int: 11    God:    Ru [***...]
Gold: 340           SH:  5    Dex: 19    Spells: 15/16 levels left

rFire   . . .        i - +2 spear (venom)
rCold   . . .        (no shield)
rNeg    . . .        H - +0 ring mail {rPois}
rPois   +            z - +0 helmet
rElec   .            y - +0 cloak
rCorr   .            E - +0 pair of gloves
SInv    .            (no boots)
Will    .....        G - amulet of Yniuvey {Reflect Dex+4 SH+5}
Stlth   ++           (no ring)
HPRegen 0.29/turn    (no ring)
MPRegen 0.14/turn

%: reflection
@: exhausted, heavily drained
A: fangs 1, inability to use devices, reduced AC 1, strong nose, distributed
training
a: Renounce Religion, Draw Out Power


You were on level 5 of the Dungeon.
You worshipped Ru.
Ru was most pleased with you.
You visited 1 branch of the dungeon, and saw 6 of its levels.

You collected 340 gold pieces.

Inventory:

Hand Weapons
 g - a +3 dagger
 i - a +2 spear of venom (weapon)
 o - a +1 dagger of venom
 v - a +2 halberd
Missiles
 h - 27 stones
 r - 5 javelins (quivered)
Armour
 d - a +0 robe
 m - a +0 chain mail
 y - a +0 cloak (worn)
 z - a +0 helmet (worn)
 C - the +2 tower shield of Supple Strength {Stlth+}
   (You took it off an orc on level 4 of the Dungeon)

   Stlth+:    It makes you more stealthy.
 E - a +0 pair of gloves (worn)
 H - a +0 ring mail of poison resistance (worn)
Jewellery
 G - the amulet of Yniuvey (around neck) {Reflect Dex+4 SH+5}
   (You found it on level 5 of the Dungeon)

   [amulet of reflection]

   Reflect:   It reflects blocked missile attacks.
   Dex+4:     It affects your dexterity (+4).
   SH+5:      It affects your SH (+5).
Talismans
 D - a serpent talisman
Scrolls
 b - a scroll of silence
 k - 3 scrolls of poison {unknown}
 n - 2 scrolls of amnesia {unknown}
 q - a scroll of vulnerability {unknown}
 t - 4 scrolls of teleportation {unknown}
 u - a scroll of noise {unknown}
 B - a scroll of fog {unknown}
 F - a scroll of enchant weapon {unknown}
Potions
 a - a potion of lignification {unknown}
 c - 3 potions of berserk rage
 e - 5 potions of curing
 f - 2 potions of attraction {unknown}
 l - 2 potions of invisibility
 s - 2 potions of mutation
 w - a potion of resistance {unknown}
 x - a potion of might
 A - a potion of heal wounds {unknown}


   Skills:
 + Level 5.8 Fighting
 + Level 3.5 Short Blades
 + Level 3.5 Long Blades
 + Level 3.5 Axes
 + Level 3.5 Maces & Flails
 + Level 3.5 Polearms
 + Level 3.5 Staves
 + Level 3.5 Ranged Weapons
 + Level 3.5 Throwing
 + Level 4.4 Armour
 + Level 3.5 Dodging
 + Level 3.5 Stealth
 + Level 3.5 Shields
 + Level 3.5 Unarmed Combat
 + Level 4.5 Spellcasting
 + Level 2.9 Conjurations
 + Level 2.9 Hexes
 + Level 2.9 Summonings
 + Level 2.9 Necromancy
 + Level 2.9 Translocations
 + Level 2.9 Fire Magic
 + Level 2.9 Ice Magic
 + Level 2.9 Air Magic
 + Level 9.3 Earth Magic
 + Level 2.9 Alchemy
 + Level 3.9 Invocations
   Level 0.0 Evocations
 + Level 3.2 Shapeshifting


You had 15 spell levels left.
You knew the following spells:

 Your Spells              Type           Power      Damage    Failure   Level
a - Sandblast             Erth           44%        2d11      1%          1

Your spell library contained the following spells:

 Spells                   Type           Power      Damage    Failure   Level
 Cigotuvi's Dreadful Rot  Necr/Alch/Air  16%        N/A       22%         2
 Animate Armour           Summ/Erth      30%        N/A       36%         4
 Leda's Liquefaction      Alch/Erth      7%         N/A       36%         4
 Ignite Poison            Fire/Alch      8%         N/A       83%         4
 Freezing Cloud           Conj/Ice/Air   4%         6-21      99%         5


Dungeon Overview and Level Annotations

Branches:
Dungeon (6/15)
 Temple: D:4-7

Altars:
Ru


Innate Abilities, Weirdness & Mutations

You have very sharp teeth.
You cannot study or use magical devices.
You take slightly more damage. (AC -5)
Your uncanny sense of smell can sniff out nearby items.
Your experience applies equally to all skills.


Message History

You hit the wight.
The wight is almost destroyed.
The wight is stunned by your conviction and fails to attack.
Reach: i) +2 spear (venom)
Press: ? - help, Dir - move target, f/p - wight
Aim: a wight, wielding a +4 dagger and wearing a +0 robe (almost destroyed, about 32% to evade your +2 spear of venom)
You hit the wight but do no damage.
The wight is almost destroyed.
The wight barely misses you.
Casting: Sandblast (safe; 1% risk of failure)
Confirm with . or Enter, or press ? or * to list all spells.
Aiming: Sandblast (safe; 1% risk of failure)
Press: ? - help, Shift-Dir - straight line, f/p - wight
Aim: a wight, wielding a +4 dagger and wearing a +0 robe (almost destroyed, 83% to hit)
The blast of sand hits the wight.
You destroy the wight!
The wight completely misses you.
You barely miss the wight. You punch the wight.
The wight is lightly damaged.
The wight is stunned by your conviction and fails to attack.
You hit the wight. You bite the wight, but do no damage.
The wight is moderately damaged.
The wight barely misses you.
You hit the wight but do no damage.
The wight is moderately damaged.
You barely miss the wight.
The wight is moderately damaged.
The wight hits you with a +2 flail!
You puncture the wight!
The wight is severely damaged.
The wight closely misses you.
You hit the wight but do no damage. Your punch misses the wight.
The wight is severely damaged.
The wight hits you with a +2 flail!
* * * LOW HITPOINT WARNING * * *
You feel drained.
* * * LOW HITPOINT WARNING * * *
Unknown command.
You feel better. The wight hits you with a +2 flail!
You die...

#####....####.........####...#.#
#.#.## ##...[...## ##.##.# #.###
##.....## #...... #.# ##...##
#.###.# ##.# ##'## #.###.# #..#
#.# #.##..# #.############.#
#.##.## #.##..[>)..z.#.##
#.##.## #.##.#######@...####
#...... ##.##.#
#.......#######.## ##...#.#
#.....#.........# #.#.#..#####
#.#.#...#########
##.........###.####.##
##.##.###..........#
####.#######.###### #.........#
###########


You could see a wight.

Vanquished Creatures
  Grinder (D:5)
  2 water moccasins (D:5)
  2 ogres (D:4)
  A centaur (D:5)
  2 wights (D:5)
  A howler monkey (D:6)
  A hound (D:5)
  2 gnoll boudas (D:5)
  A sleepcap (D:5)
  Jessica (D:2)
  2 iguanas
  An orc wizard (D:5)
  9 gnolls
  4 adders
  2 shadow imps
  2 white imps (D:5)
  A ribbon worm (D:3)
  3 dart slugs
  20 orcs
  4 ball pythons
  3 endoplasms
  3 goblins
  3 hobgoblins
  9 jackals (D:5)
  4 kobolds
  6 bats
  7 frilled lizards
  6 rats
103 creatures vanquished.

Vanquished Creatures (collateral kills)
  A wight (D:5)
1 creature vanquished.

Vanquished Creatures (others)
  An iguana (D:6)
1 creature vanquished.

Grand Total: 105 creatures vanquished

Notes
Turn   | Place    | Note
-------+----------+-------------------------------------------
     0 | D:1      | treerex5 the Gnoll Wanderer began the quest for the Orb.
     0 | D:1      | treerex5 set off with the following items: a +0 dagger, a
                  | scroll of silence, a potion of berserk rage, a +0 robe, a
                  | potion of curing; and the following spell memorised:
                  | Sandblast; and the following spells available to memorise:
                  | Animate Armour, Leda's Liquefaction.
     0 | D:1      | Reached XP level 1. HP: 20/20 MP: 4/4
   360 | D:1      | Reached XP level 2. HP: 23/26 MP: 3/5
   867 | D:1      | Found a faded altar of an unknown god.
   897 | D:1      | Prayed at the altar of an unknown god.
   897 | D:1      | Became a worshipper of Ru the Awakened
   901 | D:1      | Gained mutation: You cannot study or use magical devices.
                  | [Ru sacrifice]
   901 | D:1      | Reached * piety under Ru
   901 | D:1      | Reached ** piety under Ru
  1078 | D:2      | Reached XP level 3. HP: 27/31 MP: 7/7
  1164 | D:2      | Reached skill level 1 in Invocations
  1170 | D:2      | Noticed Jessica
  1182 | D:2      | Killed Jessica
  1183 | D:2      | Reached skill level 1 in Short Blades
  1183 | D:2      | Reached skill level 1 in Long Blades
  1183 | D:2      | Reached skill level 1 in Axes
  1183 | D:2      | Reached skill level 1 in Maces & Flails
  1183 | D:2      | Reached skill level 1 in Polearms
  1183 | D:2      | Reached skill level 1 in Staves
  1183 | D:2      | Reached skill level 1 in Ranged Weapons
  1183 | D:2      | Reached skill level 1 in Throwing
  1183 | D:2      | Reached skill level 1 in Dodging
  1183 | D:2      | Reached skill level 1 in Stealth
  1183 | D:2      | Reached skill level 1 in Shields
  1183 | D:2      | Reached skill level 1 in Unarmed Combat
  1183 | D:2      | Reached skill level 1 in Shapeshifting
  1183 | D:2      | Reached XP level 4. HP: 16/38 MP: 8/8
  1689 | D:2      | Reached skill level 1 in Conjurations
  1689 | D:2      | Reached skill level 1 in Hexes
  1689 | D:2      | Reached skill level 1 in Summonings
  1689 | D:2      | Reached skill level 1 in Necromancy
  1689 | D:2      | Reached skill level 1 in Translocations
  1689 | D:2      | Reached skill level 1 in Fire Magic
  1689 | D:2      | Reached skill level 1 in Ice Magic
  1689 | D:2      | Reached skill level 1 in Air Magic
  1689 | D:2      | Reached skill level 1 in Alchemy
  2298 | D:3      | Reached XP level 5. HP: 43/43 MP: 9/9
  3183 | D:4      | Noticed an ogre
  3185 | D:4      | Noticed an ogre
  3610 | D:4      | Identified the +2 tower shield of Supple Strength {Stlth+}
  3755 | D:4      | Killed an ogre
  3756 | D:4      | Reached skill level 5 in Fighting
  3756 | D:4      | Reached XP level 6. HP: 33/51 MP: 9/11
  4002 | D:4      | Upgraded the game from 0.31.0-11-ge490571c62 to
                  | 0.31.0-12-g77e489cdc1
  4081 | D:4      | Gained mutation: You take slightly more damage. (AC -5) [Ru
                  | sacrifice]
  4081 | D:4      | Reached *** piety under Ru
  4375 | D:4      | Reached skill level 9 in Earth Magic
  4879 | D:5      | Entered Level 5 of the Dungeon
  4933 | D:5      | Reached XP level 7. HP: 41/56 MP: 12/12
  5326 | D:5      | Noticed Grinder
  5333 | D:5      | Paralysed by Grinder for 2 turns
  5338 | D:5      | Killed Grinder
  5749 | D:5      | Reached XP level 8. HP: 30/63 MP: 14/14
  6092 | D:5      | Identified the amulet of Yniuvey {Reflect Dex+4 SH+5}
  6960 | D:5      | Slain by a wight

Illustrated notes

Levels and vault maps discovered:
D:1:      amcnicky_arrival_blooded_trapdoor, layout_basic,
          nicolae_ecumenical_lake_church, minmay_fountain_box
D:2:      layout_basic, minmay_misc_feat_chi, uniq_jessica
D:3:      layout_basic, serial_bayou_ford_a, kennysheep_big_empty_room,
          roderic_lattice_a, kennysheep_generic_room_5
D:4:      layout_basic, kennysheep_generic_room_7
D:5:      layout_loops_corners, nicolae_grassy_gnolls, uniq_grinder
D:6:      layout_loops_ring, uniq_duvessa

Skill      XL: |  1  2  3  4  5  6  7  8 |
---------------+-------------------------+-----
Evocations     | 0 |  0.0
Invocations    | 1 2 3 |  3.9
Short Blades   | 1 2 3 |  3.5
Long Blades    | 1 2 3 |  3.5
Axes           | 1 2 3 |  3.5
Maces & Flails | 1 2 3 |  3.5
Polearms       | 1 2 3 |  3.5
Staves         | 1 2 3 |  3.5
Ranged Weapons | 1 2 3 |  3.5
Throwing       | 1 2 3 |  3.5
Dodging        | 1 2 3 |  3.5
Stealth        | 1 2 3 |  3.5
Shields        | 1 2 3 |  3.5
Unarmed Combat | 1 2 3 |  3.5
Shapeshifting  | 1 2 3 |  3.2
Spellcasting   | 3 4 |  4.5
Conjurations   | 1 2 |  2.9
Hexes          | 1 2 |  2.9
Summonings     | 1 2 |  2.9
Necromancy     | 1 2 |  2.9
Translocations | 1 2 |  2.9
Fire Magic     | 1 2 |  2.9
Ice Magic      | 1 2 |  2.9
Air Magic      | 1 2 |  2.9
Alchemy        | 1 2 |  2.9
Armour         | 3 4 |  4.4
Fighting       | 5 |  5.8
Earth Magic    | 9 |  9.3

Action                     |  1- 3 |  4- 6 |  7- 9 || total
---------------------------+-------+-------+-------++-------
  Melee: Dagger            |    54 |    22 |       ||    76
         Bite              |     5 |    13 |    30 ||    48
         Spear             |       |    90 |   238 ||   328
         Punch             |       |     3 |     7 ||    10
  Throw: Javelin           |     1 |     9 |     2 ||    12
         Stone             |       |     3 |       ||     3
   Cast: Sandblast         |     3 |     8 |     1 ||    12
 Invoke: Sacrifice Artific |     1 |       |       ||     1
         Sacrifice Health  |       |     1 |       ||     1
         Draw Out Power    |       |       |     4 ||     4
Ability: Begin Untransform |       |     1 |       ||     1
    Use: Scroll            |     1 |     4 |     3 ||     8
         Potion            |       |     1 |     2 ||     3
   Stab: Sleeping          |     2 |     3 |       ||     5
         Distracted        |       |     1 |       ||     1
         Invisible         |       |       |     9 ||     9
 Armour: Robe              |    32 |    33 |       ||    65
         Scale mail        |       |    11 |   103 ||   114
         Ring mail         |       |       |    43 ||    43
  Dodge: Dodged            |    22 |    52 |   100 ||   174
  Block: Other             |       |       |    15 ||    15
   Form: Serpent           |       |     1 |       ||     1
